 Dungeon Crawl Stone Soup version 0.22-a0-570-g58866f5 (webtiles) character file.

26345 Hebeh the Cleaver (level 12, -4/110 HPs)
             Began as a Minotaur Fighter on June 30, 2018.
             Was an Elder of Trog.
             Slain by a meliai
             ... wielding a +0 hand axe
              (8 damage)
             ... on level 13 of the Dungeon.
             The game lasted 01:12:11 (16416 turns).

Hebeh the Cleaver (Minotaur Fighter)               Turns: 16416, Time: 01:12:12

Health: -4/110     AC: 15    Str: 26    XL:     12   Next: 97%
Magic:  14/14      EV: 15    Int:  5    God:    Trog [****..]
Gold:   698        SH: 16    Dex: 18    Spells: 11/11 levels left

rFire    + . .     SeeInvis .   J - +2 trident (flame)
rCold    . . .     Gourm    +   u - +3 shield
rNeg     . . .     Faith    .   C - +1 ring mail {rF+}
rPois    +         Spirit   .   (helmet restricted)
rElec    .         Reflect  .   D - +2 cloak
rCorr    .         Harm     .   v - +0 pair of gloves
MR       ++...                  g - +0 pair of boots
Stlth    ++........             L - amulet of the gourmand
HPRegen  1.28/turn              t - ring of poison resistance
MPRegen  0.14/turn              z - +3 ring of dexterity

@: agile, berserk cooldown, regenerating, slowed, very slow
A: retaliatory headbutt, horns 2
a: Berserk, Trog's Hand, Brothers in Arms, Renounce Religion


You were on level 13 of the Dungeon.
You worshipped Trog.
Trog was greatly pleased with you.
You were not hungry.

You visited 3 branches of the dungeon, and saw 15 of its levels.

You collected 698 gold pieces.

Inventory:

Hand Weapons
 a - a +0 war axe
 b - a +2 morningstar of protection
 J - a +2 trident of flaming (weapon)
Missiles
 m - 3 poisoned javelins (quivered)
 w - 62 sling bullets
Armour
 g - a +0 pair of boots (worn)
 u - a +3 shield (worn)
 v - a +0 pair of gloves (worn)
 x - a +0 plate armour
 C - a +1 ring mail of fire resistance (worn)
 D - a +2 cloak (worn)
Jewellery
 d - an uncursed ring of stealth
 h - an uncursed ring of flight
 t - a ring of poison resistance (left hand)
 z - a +3 ring of dexterity (right hand)
 H - an uncursed ring of protection from cold
 L - an amulet of the gourmand (around neck)
Wands
 o - a wand of iceblast (16)
 p - a wand of acid (4)
 r - a wand of flame (17)
 y - a wand of polymorph (25)
 G - a wand of random effects (46)
Scrolls
 k - 8 scrolls of remove curse
 l - 2 scrolls of identify
 q - 7 scrolls of teleportation
 s - 2 scrolls of fear
 A - a scroll of blinking
Potions
 e - a potion of haste
 i - 3 potions of curing
 j - a potion of degeneration
 B - 2 potions of agility
 F - a potion of ambrosia
 I - a potion of magic
Comestibles
 f - 21 rations


   Skills:
 + Level 11.0 Fighting
 + Level 14.1(14.4) Axes
 * Level 4.3(10.3) Polearms
 + Level 8.6 Throwing
 + Level 11.0 Armour
 + Level 11.0 Shields
 + Level 4.6 Evocations


You had 11 spell levels left.
You didn't know any spells.
Your spell library contained the following spells:

 Spells                   Type           Power        Failure   Level  Hunger
 Spider Form              Tmut/Pois      #.........   98%         3    ####...
 Blade Hands              Tmut           #.........   100%        5    ######.
 Ice Form                 Ice/Tmut       #.......     100%        4    #####..
 Sticks to Snakes         Tmut           #.......     88%         2    ###....
 Beastly Appendage        Tmut           #.....       77%         1    ##.....


Dungeon Overview and Level Annotations

Branches:
Dungeon (13/15)            Temple (1/1) D:7            Lair (1/6) D:8
    Orc (0/2) D:12         Vaults (0/5) D:13

Altars:
Ashenzari
Cheibriados
Dithmenos
Elyvilon
Fedhas
Gozag
Hepliaklqana
Kikubaaqudgha
Makhleb
Nemelex Xobeh
Okawaru
Qazlal
Ru
Sif Muna
Trog
Uskayaw
Vehumet
Wu Jian
Xom
Yredelemnul
Zin
The Shining One

Shops:
D:10 *

Annotations:
D:10 exclusion: ice statue


Innate Abilities, Weirdness & Mutations

You reflexively headbutt those who attack you in melee.
You have a pair of horns on your head.


Message History

The meliai misses you.
Your skin crawls.
You feel resistant to hostile enchantments.
You feel quite a bit more hungry. You block the meliai's attack.
The meliai closely misses you. You block the meliai's attack. x2
The meliai hits you but does no damage. The meliai closely misses you.
The meliai barely misses you. You furiously retaliate!
You headbutt the meliai! You block the meliai's attack.
The sky beast hits you but does no damage.
The meliai hits you but does no damage. You block the meliai's attack.
The meliai hits you with a hand axe!
* * * LOW HITPOINT WARNING * * *
The meliai closely misses you.
The sky beast hits you but does no damage.
You are too injured to fight recklessly!
You are too injured to fight recklessly!
You are too injured to fight recklessly!
You barely miss the meliai. You block the meliai's attack. x2
The meliai hits you with a hand axe!
You die...

#
####.#####
####+#
#.@y......
#.<...
#.Yy......
#.....
#.y.......
+.....
#.........
#.....
#.........
#.....
#.........
#.....
#.........
#.....
#..!......
#.....
###+##


You could see a sky beast and 3 meliai.

Vanquished Creatures
  An ogre mage (D:11)
  3 vault guards (D:13)
  A hydra (D:12)
  2 centaur warriors
  4 two-headed ogres
  Nergalle (D:11)
  A skeletal warrior (D:11)
  An unseen horror (D:11)
  Pikel (D:7)
  A deep elf mage (D:13)
  2 cyclopes (D:11)
  A manticore (D:12)
  4 centaur zombies
  2 gargoyles (D:11)
  4 centaur skeletons
  A komodo dragon (D:13)
  A freezing wraith (D:11)
  5 trolls
  A polar bear (shapeshifter) (D:13)
  A hornet (D:10)
  2 hippogriffs
  Sigmund (D:4)
  A spriggan (D:10)
  A wraith (D:11)
  4 wyverns
  A steam dragon (D:11)
  3 hungry ghosts
  3 vampire mosquitoes (D:11)
  2 soldier ants
  2 water moccasins
  2 acid dragons
  Duvessa (D:7)
  Purgy (D:4)
  5 orc warriors
  A slave (D:7)
  A phantom (D:5)
  2 black bears
  3 sky beasts
  14 ice beasts
  5 centaurs
  8 ogres
  A crocodile (D:13)
  3 big kobolds (D:12)
  Blork the orc (D:4)
  13 bullfrogs
  Dowan (D:7)
  A wyvern zombie (D:11)
  2 gnoll sergeants
  4 scorpions
  23 killer bees
  2 howler monkeys
  2 electric eels (D:10)
  A bullfrog zombie (D:12)
  5 crimson imps
  4 hounds
  3 orc priests
  4 jellies
  Crazy Yiuf (D:7)
  5 bullfrog skeletons
  5 iguanas
  7 orc wizards
  Jessica (D:3)
  Ijyb (D:4)
  Terence (D:3)
  10 worker ants
  3 gnolls (D:12)
  12 adders
  4 shadow imps
  3 oozes
  3 adder skeletons
  An adder zombie (D:6)
  A worm (D:3)
  A dart slug (D:1)
  A leopard gecko (D:3)
  32 orcs
  6 bats
  2 giant cockroaches
  6 goblins
  7 hobgoblins
  11 jackals
  5 quokkas
  A ball python (D:2)
  5 frilled lizards
  A jackal skeleton (D:7)
  14 kobolds
  A leopard gecko skeleton (D:4)
  A quokka skeleton (D:7)
  8 rats
331 creatures vanquished.

Vanquished Creatures (others)
  2 bullfrogs (D:7)
2 creatures vanquished.

Grand Total: 333 creatures vanquished

Notes
Turn   | Place    | Note
-------+----------+-------------------------------------------
     0 | D:1      | Hebeh the Minotaur Fighter began the quest for the Orb.
     0 | D:1      | Reached XP level 1. HP: 19/19 MP: 0/0
    77 | D:1      | Reached XP level 2. HP: 20/27 MP: 1/1
   231 | D:1      | Reached skill level 3 in Axes
   556 | D:1      | Reached XP level 3. HP: 30/33 MP: 2/2
  1506 | D:3      | Noticed Jessica
  1519 | D:3      | Killed Jessica
  1519 | D:3      | Reached XP level 4. HP: 37/40 MP: 3/3
  1693 | D:3      | Reached skill level 4 in Axes
  1693 | D:3      | Reached skill level 1 in Throwing
  1721 | D:3      | Reached XP level 5. HP: 42/47 MP: 4/4
  2188 | D:3      | Noticed Terence
  2196 | D:3      | Killed Terence
  2358 | D:4      | Reached skill level 5 in Axes
  2358 | D:4      | Reached XP level 6. HP: 31/55 MP: 5/5
  2629 | D:4      | Noticed Sigmund
  2654 | D:4      | Killed Sigmund
  2654 | D:4      | Reached skill level 5 in Fighting
  2654 | D:4      | Reached skill level 5 in Armour
  2654 | D:4      | Reached skill level 5 in Shields
  2979 | D:4      | Noticed Blork the orc
  2985 | D:4      | Killed Blork the orc
  2985 | D:4      | Reached XP level 7. HP: 61/61 MP: 6/6
  3030 | D:4      | Found a sacrificial altar of Ru.
  3097 | D:4      | Noticed Ijyb
  3124 | D:4      | Killed Ijyb
  3215 | D:4      | Noticed Purgy
  3226 | D:4      | Killed Purgy
  3226 | D:4      | Reached skill level 6 in Axes
  3277 | D:5      | Entered Level 5 of the Dungeon
  4274 | D:6      | Reached skill level 7 in Axes
  4274 | D:6      | Reached XP level 8. HP: 70/70 MP: 7/7
  4989 | D:7      | Noticed Dowan
  5310 | D:7      | Noticed Duvessa
  5321 | D:6      | Reached skill level 8 in Axes
  5683 | D:7      | Killed Duvessa
  5684 | D:7      | Killed Dowan
  5951 | D:6      | Reached XP level 9. HP: 58/78 MP: 8/8
  6068 | D:7      | Reached skill level 9 in Axes
  6070 | D:7      | Found a staircase to the Ecumenical Temple.
  6089 | Temple   | Entered the Ecumenical Temple
  6204 | Temple   | Became a worshipper of Trog the Wrathful
  6455 | D:7      | Found a runed door.
  6627 | D:7      | Noticed Pikel
  6637 | D:7      | Killed Pikel
  6651 | D:7      | Reached skill level 5 in Throwing
  6956 | D:7      | Noticed Crazy Yiuf
  6961 | D:7      | Killed Crazy Yiuf
  7045 | D:8      | Found a staircase to the Lair.
  7080 | D:8      | Reached skill level 10 in Axes
  7412 | Lair:1   | Entered Level 1 of the Lair of Beasts
  7412 | Lair:1   | Noticed a rime drake
  7628 | D:8      | Reached * piety under Trog
  7664 | D:8      | Noticed a two-headed ogre
  7668 | D:8      | Killed a two-headed ogre
  7668 | D:8      | Reached XP level 10. HP: 77/88 MP: 9/9
  8620 | D:9      | Noticed a two-headed ogre
  8636 | D:8      | Killed a two-headed ogre
  8636 | D:8      | Reached skill level 11 in Axes
  9264 | D:10     | Entered Level 10 of the Dungeon
  9264 | D:10     | Found Gozag's Platinum Reserve.
  9264 | D:10     | Found an opulent altar of Gozag.
  9572 | D:10     | Found a shimmering altar of Xom.
  9692 | D:10     | Reached XP level 11. HP: 77/97 MP: 10/10
 10105 | D:10     | Reached skill level 12 in Axes
 10287 | D:10     | Reached ** piety under Trog
 11533 | D:11     | Noticed Nergalle
 11548 | D:11     | Killed Nergalle
 11562 | D:11     | Killed an unseen horror
 11562 | D:11     | Reached skill level 1 in Evocations
 12314 | D:11     | Found a runed door.
 12325 | D:11     | Found a runed door.
 12325 | D:11     | Noticed a skeletal warrior
 12329 | D:11     | Found a runed door.
 12370 | D:11     | Killed a skeletal warrior
 12401 | D:11     | Reached skill level 10 in Fighting
 12406 | D:11     | Reached skill level 10 in Armour
 12873 | D:11     | Reached skill level 10 in Shields
 12981 | D:11     | Reached skill level 13 in Axes
 13006 | D:11     | Noticed a centaur warrior
 13006 | D:11     | Noticed an ogre mage
 13023 | D:11     | Killed an ogre mage
 13024 | D:11     | Noticed a two-headed ogre
 13038 | D:11     | Killed a centaur warrior
 13038 | D:11     | Reached XP level 12. HP: 75/106 MP: 13/13
 13045 | D:11     | Killed a two-headed ogre
 13047 | D:11     | Reached *** piety under Trog
 13612 | D:12     | Received a gift from Trog
 14048 | D:12     | Found a stormy altar of Qazlal.
 14138 | D:12     | Noticed a two-headed ogre
 14146 | D:12     | Killed a two-headed ogre
 14547 | D:12     | Reached skill level 1 in Polearms
 15056 | D:12     | Noticed an eight-headed hydra
 15060 | D:12     | Killed an eight-headed hydra
 15242 | D:12     | Found a staircase to the Orcish Mines.
 15271 | D:12     | Reached **** piety under Trog
 15313 | D:12     | Reached skill level 14 in Axes
 16360 | D:13     | Found a gate to the Vaults.
 16360 | D:13     | Noticed a centaur warrior
 16360 | D:13     | Noticed a vault guard
 16360 | D:13     | Noticed a vault guard
 16360 | D:13     | Noticed a vault guard
 16360 | D:13     | Noticed a vault guard
 16370 | D:13     | Killed a centaur warrior
 16396 | D:13     | Killed a vault guard
 16398 | D:13     | Killed a vault guard
 16411 | D:13     | HP: 4/110 [vault guard/dire flail (15)]
 16411 | D:13     | Killed a vault guard
 16416 | D:13     | Slain by a meliai

Vault maps used:
D:1:      scummos_arrival_checkerplants
D:3:      uniq_terence, uniq_jessica
D:4:      nicolae_ru_path_of_blood, uniq_purgy, uniq_sigmund,
          uniq_blork_the_orc, uniq_ijyb
D:5:      first_ration
D:7:      minmay_temple_entry_butterflies, uniq_duvessa, uniq_pikel,
          uniq_crazy_yiuf_cottage
D:8:      lair_entry_dummy
D:10:     minmay_twisted_water, basic_altar, the_bakery,
          hangedman_decor_peaks_small, nicolae_gozag_zags_fifth_avenue
D:11:     minmay_the_grid_triangle_9x9_rhombus_full, kennysheep_generic_room_15,
          uniq_nergalle
D:12:     kennysheep_orc_monster_closet_entryway, basic_altar
D:13:     lightli_vaults_fourway_checkpoint
Temple:   kilobyte_greek_temple
Lair:1:   nicolae_volcano_entry_vermiform, patterned_corridor

Skill      XL: |  1  2  3  4  5  6  7  8  9 10 11 12 |
---------------+-------------------------------------+-----
Axes           | 3 4 5 7 8 10 11 13 14 | 14.1
Fighting       | 4 5 6 8 9 10 11 | 11.0
Armour         | 4 5 6 8 9 10 11 | 11.0
Shields        | 4 5 6 8 9 10 11 | 11.0
Throwing       | 1 2 3 4 5 6 7 8 |  8.6
Evocations     | 3 4 |  4.6
Polearms       | 4 |  4.3

Action                   |  1- 3 |  4- 6 |  7- 9 | 10-12 || total
-------------------------+-------+-------+-------+-------++-------
Melee: War axe           |    95 |    89 |   292 |   100 ||   576
       Headbutt          |    12 |    16 |    45 |   176 ||   249
       Unarmed           |       |       |    14 |       ||    14
       Morningstar       |       |       |       |   297 ||   297
       Trident           |       |       |       |   289 ||   289
Throw: Javelin           |     3 |     4 |     7 |     6 ||    20
Invok: Berserk           |       |       |       |     3 ||     3
       Trog's Hand       |       |       |       |     3 ||     3
 Abil: Evoke Flight      |       |       |       |     5 ||     5
       Stop Flying       |       |       |       |     2 ||     2
  Use: Scroll            |       |       |       |    24 ||    24
       Potion            |       |       |       |     9 ||     9
  Eat: Chunk             |     2 |     3 |    10 |    36 ||    51
       Ration            |       |     1 |     1 |     4 ||     6
Armor: Scale mail        |    49 |    37 |    36 |       ||   122
       Ring mail         |       |       |   113 |   304 ||   417
Dodge: Dodged            |    40 |    20 |   114 |   227 ||   401
Block: Shield            |    45 |    49 |   211 |   519 ||   824

Table legend:
 A = Spawn XP
 B = Non-spawn XP
 C = Spawn XP percentage of total XP
 D = Spawn monster count
 E = Non-spawn monster count
 F = Spawn count percentage of total count
 G = Total turns spent on level
                    A         B        C        D         E        F      G
               +---------+---------+-------+---------+---------+-------+---------
         Total |       0 |   37636 |   0.0 |       0 |     330 |   0.0 | 16416
               +---------+---------+-------+---------+---------+-------+---------
           D:1 |       0 |      47 |   0.0 |       0 |      26 |   0.0 |   761
           D:2 |       0 |      16 |   0.0 |       0 |      11 |   0.0 |   695
           D:3 |       0 |     218 |   0.0 |       0 |      29 |   0.0 |   882
           D:4 |       0 |     633 |   0.0 |       0 |      10 |   0.0 |   939
           D:5 |       0 |     382 |   0.0 |       0 |       9 |   0.0 |   904
           D:6 |       0 |    1253 |   0.0 |       0 |      25 |   0.0 |  1755
           D:7 |       0 |    1824 |   0.0 |       0 |      23 |   0.0 |   919
           D:8 |       0 |    3347 |   0.0 |       0 |      26 |   0.0 |  1422
           D:9 |       0 |     962 |   0.0 |       0 |      11 |   0.0 |   891
          D:10 |       0 |    3689 |   0.0 |       0 |      37 |   0.0 |  1774
          D:11 |       0 |   12078 |   0.0 |       0 |      52 |   0.0 |  2434
          D:12 |       0 |    6565 |   0.0 |       0 |      56 |   0.0 |  2360
          D:13 |       0 |    6622 |   0.0 |       0 |      15 |   0.0 |   524
               +---------+---------+-------+---------+---------+-------+---------
